 Dungeon Crawl Stone Soup version 0.28-b1-1-g3c77fb2ed1 (webtiles) character file.

Game seed: 10327617351180517691

0 crazypyro the Conjurer (level 1, -1/17 HPs)
             Began as a Gnoll Wanderer on Jan 29, 2022.
             Slain by a hobgoblin (3 damage)
             ... on level 1 of the Dungeon.
             The game lasted 00:00:28 (40 turns).

crazypyro the Conjurer (Gnoll Wanderer)               Turns: 40, Time: 00:00:28

Health: -1/17      AC:  2    Str: 10    XL:     1   Next: 10%
Magic:  4/4        EV: 12    Int: 12    God:
Gold:   0          SH:  0    Dex: 11    Spells: 5/5 levels left

rFire   . . .      SeeInvis .   a - +0 dagger
rCold   . . .      Faith    .   (no shield)
rNeg    . . .      Spirit   .   c - +0 robe
rPois   .          Reflect  .   (no helmet)
rElec   .          Harm     .   (no cloak)
rCorr   .          Rampage  .   (no gloves)
Will    .....                   (no boots)
Stlth   +.........              (no amulet)
HPRegen 0.05/turn               (no ring)
MPRegen 0.09/turn               (no ring)

@: no status effects
A: fangs 1, strong nose, distributed training
a: no special abilities


You were on level 1 of the Dungeon.
You visited 1 branch of the dungeon, and saw 1 of its levels.

Inventory:

Hand Weapons
 a - a +0 dagger (weapon)
Missiles
 b - 10 poisoned darts (quivered)
Armour
 c - a +0 robe (worn)
Potions
 d - a potion of attraction {unknown}


   Skills:
 + Level 2.3 Fighting
 + Level 0.0 Short Blades
 + Level 0.0 Long Blades
 + Level 0.0 Axes
 + Level 0.0 Maces & Flails
 + Level 0.0 Polearms
 + Level 0.0 Staves
 + Level 0.0 Slings
 + Level 0.0 Bows
 + Level 0.0 Crossbows
 + Level 4.4 Throwing
 + Level 0.0 Armour
 + Level 2.3 Dodging
 + Level 0.0 Stealth
 + Level 0.0 Shields
 + Level 0.0 Unarmed Combat
 + Level 2.6 Spellcasting
 + Level 5.3 Conjurations
 + Level 0.0 Hexes
 + Level 0.0 Summonings
 + Level 0.0 Necromancy
 + Level 0.0 Translocations
 + Level 0.0 Transmutations
 + Level 0.0 Fire Magic
 + Level 1.9 Ice Magic
 + Level 0.0 Air Magic
 + Level 0.0 Earth Magic
 + Level 0.0 Poison Magic
 + Level 0.0 Invocations
 + Level 2.3 Evocations


You had 5 spell levels left.
You didn't know any spells.
Your spell library contained the following spells:

 Spells                   Type           Power      Damage    Failure   Level
 Searing Ray              Conj           28%        2d5       4%          2
 Foxfire                  Conj/Fire      28%        2x1d5     9%          1
 Freeze                   Ice            24%        1d5       12%         1
 Stone Arrow              Conj/Erth      14%        3d7       26%         3
 Frozen Ramparts          Ice            12%        1d3       34%         3


Dungeon Overview and Level Annotations

Branches:
Dungeon (1/15)

Altars:


Innate Abilities, Weirdness & Mutations

You have very sharp teeth.
Your uncanny sense of smell can sniff out nearby items.
Your experience applies equally to all skills.


Message History

The giant cockroach misses you. The hobgoblin barely misses you.
You hit the giant cockroach but do no damage.
The giant cockroach is heavily wounded.
The giant cockroach barely misses you. The giant cockroach closely misses you.
The hobgoblin barely misses you.
You hit the giant cockroach but do no damage.
The giant cockroach is heavily wounded.
The giant cockroach bites you but does no damage.
The hobgoblin hits you.
You barely miss the giant cockroach.
The giant cockroach is heavily wounded.
The giant cockroach bites you. The hobgoblin hits you.
You are too injured to fight recklessly!
Unknown command.
You are too injured to fight recklessly!
You are too injured to fight recklessly!
You hit the hobgoblin but do no damage. The giant cockroach barely misses you.
The hobgoblin closely misses you.
You hit the hobgoblin.
The hobgoblin is heavily wounded.
The giant cockroach closely misses you. The hobgoblin hits you.
* * * LOW HITPOINT WARNING * * *
You hit the hobgoblin but do no damage.
The hobgoblin is heavily wounded.
The giant cockroach barely misses you.
The giant cockroach bites you but does no damage.
The hobgoblin barely misses you.
You closely miss the hobgoblin.
The hobgoblin is heavily wounded.
The giant cockroach barely misses you. The hobgoblin hits you.
* * * LOW HITPOINT WARNING * * *
You closely miss the hobgoblin. Your bite misses the hobgoblin.
The hobgoblin is heavily wounded.
The giant cockroach bites you.
* * * LOW HITPOINT WARNING * * *
The hobgoblin barely misses you.
You closely miss the hobgoblin.
The hobgoblin is heavily wounded.
The giant cockroach closely misses you. The hobgoblin hits you.
You die...

##+###### #####
#........ ♣♣≈≈≈≈♣♣♣
#........ ≈≈≈≈≈≈≈≈♣♣#
#........ ≈≈≈8≈≈≈≈≈≈#
#........ ≈≈≈8.≈≈≈≈♣♣
#........
#.≈≈≈≈....♣♣#.B......
#...####...♣#@g......
# ##..##.....#######
#<...'.....#
#...##..♣#.#
#'###♣..♣#.# #.#
♣..###.#
######.#♣...+ ..#
#...'..#♣.### ###
#...'..#♣#


You could see a giant cockroach and a hobgoblin.

Vanquished Creatures
  A rat (D:1)
1 creature vanquished.

Notes
Turn   | Place    | Note
-------+----------+-------------------------------------------
     0 | D:1      | crazypyro the Gnoll Wanderer began the quest for the Orb.
     0 | D:1      | crazypyro set off with the following items: a +0 dagger, 10
                  | poisoned darts, a +0 robe; and the following spells
                  | available to memorise: Searing Ray, Foxfire, Freeze, Stone
                  | Arrow, Frozen Ramparts
     0 | D:1      | Reached XP level 1. HP: 17/17 MP: 4/4
    40 | D:1      | Slain by a hobgoblin

Illustrated notes

Levels and vault maps discovered:
D:1:      sevenhm_arrival_forest_fort_small_5, layout_basic, serial_shops,
          nicolae_diamond_shop, shapermc_ecumenical_altar_hornbeckon,
          minmay_three_crescents

Action                   || total
-------------------------++-------
Melee: Dagger            ||    13
       Bite              ||     1
Armor: Robe              ||     2
Dodge: Dodged            ||    15
